 Dungeon Crawl Stone Soup version 0.22-a0-305-gd21a89c (webtiles) character file.

2288 grindst0ne the Covered (level 9, -3/63 HPs)
             Began as a Mummy Fighter on Mar 30, 2018.
             Was an Initiate of Gozag.
             Slain by a five-headed hydra (8 damage)
             ... on level 7 of the Dungeon.
             The game lasted 00:10:53 (6645 turns).

grindst0ne the Covered (Mummy Fighter)              Turns: 6645, Time: 00:10:53

Health: -3/63      AC: 13    Str: 27    XL:     9   Next: 17%
Magic:  10/10      EV:  9    Int:  8    God:    Gozag
Gold:   734        SH: 17    Dex: 16    Spells: 8/8 levels left

rFire    . . .     SeeInvis .   e - +6 flail (drain)
rCold    + + .     Gourm    .   i - +0 large shield
rNeg     + + +     Faith    .   g - +0 chain mail
rPois    ∞         Spirit   .   j - +1 helmet
rElec    +         Reflect  .   (no cloak)
rCorr    +         Harm     .   q - +0 pair of gloves
MR       +....                  (no boots)
Stlth    ..........             (no amulet)
HPRegen  0.20/turn              a - ring of positive energy
MPRegen  0.12/turn              (no ring)

@: mighty, agile, resistant
A: no food or potions, fire vulnerability, cold resistance 1, negative energy
resistance 3, torment resistance, unbreathing
a: Potion Petition, Call Merchant, Bribe Branch, Renounce Religion


You were on level 7 of the Dungeon.
You worshipped Gozag.
Gozag was pleased with you.
You were not hungry.

You visited 1 branch of the dungeon, and saw 7 of its levels.

You collected 763 gold pieces.
You paid 29 gold pieces to Gozag.

Inventory:

Hand Weapons
 e - a +6 flail of draining (weapon)
Missiles
 f - 280 stones (quivered)
 k - 17 poisoned needles
Armour
 g - a +0 chain mail (worn)
 i - a +0 large shield (worn)
 j - a +1 helmet (worn)
 q - a +0 pair of gloves (worn)
Jewellery
 a - a ring of positive energy (left hand)
Wands
 c - a wand of disintegration (11)
 n - a wand of random effects (24)
 o - a wand of paralysis (21)
 p - a wand of digging (11)
Scrolls
 b - a scroll of immolation {unknown}
 d - 2 scrolls of remove curse
 h - 6 scrolls of identify
 m - 2 scrolls of teleportation {unknown}


   Skills:
 - Level 3.0 Fighting
 + Level 5.9 Maces & Flails
 + Level 6.2 Armour
 + Level 6.2 Shields
 + Level 2.0 Evocations


You had 8 spell levels left.
You didn't know any spells.

Dungeon Overview and Level Annotations

Branches:
Dungeon (7/15)             Temple (0/1) D:4

Altars:
Cheibriados
Elyvilon
Gozag
Makhleb
Okawaru
Ru
Sif Muna
Uskayaw
Vehumet

Shops:
D:5 *

Annotations:
D:7 RoseArtemis's ghost, novice MiBe


Innate Abilities, Weirdness & Mutations

You do not eat or drink.
Your flesh is vulnerable to fire.
You are immune to poison.
Your flesh is cold resistant. (rC+)
You are immune to negative energy. (rN+++)
You are immune to unholy pain and torment.
You can survive without breathing.


Message History

* * * LOW HITPOINT WARNING * * *
[a] - 0 gold - haste and flight [b] - 0 gold - flight, agility and invisibility [c] - 0 gold - resistance, might and agility Purchase which effect?
You feel protected.
You feel very mighty all of a sudden.
You feel agile all of a sudden. You block the bullfrog's attack.
The five-headed hydra bites you!
* * * LOW HITPOINT WARNING * * *
The five-headed hydra bites you but does no damage.
The five-headed hydra bites you!
* * * LOW HITPOINT WARNING * * *
The five-headed hydra completely misses you.
The five-headed hydra bites you but does no damage.
You sock the five-headed hydra! You drain the five-headed hydra!
The five-headed hydra is severely wounded.
You block the five-headed hydra's attack. x2
The five-headed hydra bites you!
You die...
Your body crumbles into a pile of gold.

#...............
#..........##...
#######...##....#
###
#....#######....#
#.........'.....#
$
#.........#.....#
#.........#.....+
#.........#...<.#
###.@############
#D##
....?..........
...............
(..............
...............
.........?.....
.............$.
#.[...........#


You could see a five-headed hydra.

Vanquished Creatures
  A two-headed ogre (D:5)
  Edmund (D:4)
  A water moccasin (D:5)
  An ice beast (D:5)
  An orc warrior (D:7)
  A sky beast (D:6)
  An ogre (D:6)
  A centaur (D:6)
  A bullfrog (D:6)
  A scorpion (D:4)
  7 howler monkeys
  2 crimson imps
  2 hounds
  2 orc priests (D:4)
  A bullfrog skeleton (D:5)
  An iguana (D:5)
  3 worker ants
  2 orc wizards (D:5)
  A killer bee zombie (D:6)
  A hound zombie (D:3)
  4 gnolls (D:3)
  7 adders
  An adder zombie (D:3)
  2 oozes
  2 adder skeletons (D:3)
  4 worms
  3 dart slugs
  4 leopard geckos
  11 orcs
  7 bats
  2 giant cockroaches
  7 goblins
  7 hobgoblins
  7 jackals
  8 kobolds
  4 quokkas
  A ball python skeleton (D:4)
  10 frilled lizards
  A giant cockroach zombie (D:3)
  A leopard gecko skeleton (D:3)
  2 quokka skeletons
  3 rats
130 creatures vanquished.

Vanquished Creatures (others)
  A withered plant (D:3)
1 creature vanquished.

Grand Total: 131 creatures vanquished

Notes
Turn   | Place    | Note
-------+----------+-------------------------------------------
     0 | D:1      | grindst0ne the Mummy Fighter began the quest for the Orb.
     0 | D:1      | Reached XP level 1. HP: 18/18 MP: 1/1
   298 | D:1      | Reached XP level 2. HP: 19/24 MP: 2/2
   909 | D:2      | Reached XP level 3. HP: 27/29 MP: 3/3
  1402 | D:2      | Reached XP level 4. HP: 35/35 MP: 4/4
  1616 | D:2      | Found a hide-covered altar of Uskayaw.
  2292 | D:3      | Reached XP level 5. HP: 34/41 MP: 5/5
  2385 | D:3      | Found a radiant altar of Vehumet.
  2577 | D:3      | Found a burning altar of Makhleb.
  2823 | D:3      | Found an opulent altar of Gozag.
  2858 | D:3      | Became a worshipper of Gozag Ym Sagoz the Greedy
  3192 | D:4      | Noticed Edmund
  3246 | D:4      | Killed Edmund
  3246 | D:4      | Reached XP level 6. HP: 9/47 MP: 6/6
  3511 | D:4      | Found a white marble altar of Elyvilon.
  3635 | D:4      | Found a staircase to the Ecumenical Temple.
  3759 | D:4      | Found a sacrificial altar of Ru.
  3806 | D:4      | Reached XP level 7. HP: 46/52 MP: 7/7
  4007 | D:5      | Entered Level 5 of the Dungeon
  4119 | D:5      | Found a snail-covered altar of Cheibriados.
  4205 | D:5      | Noticed a two-headed ogre
  4227 | D:5      | Killed a two-headed ogre
  4227 | D:5      | Reached skill level 5 in Armour
  4227 | D:5      | Reached skill level 5 in Shields
  4227 | D:5      | Reached XP level 8. HP: 21/58 MP: 8/8
  4453 | D:5      | Found Zeis's Assorted Antiques.
  4489 | D:5      | Reached skill level 5 in Maces & Flails
  5114 | D:6      | Found an iron altar of Okawaru.
  5375 | D:6      | Reached skill level 1 in Evocations
  5386 | D:6      | Found a deep blue altar of Sif Muna.
  5894 | D:6      | Reached XP level 9. HP: 63/63 MP: 10/10
  6165 | D:7      | Noticed RoseArtemis's ghost (novice MiBe)
  6634 | D:7      | Noticed a five-headed hydra
  6645 | D:7      | Slain by a five-headed hydra

Vault maps used:
D:1:      scummos_arrival_forest
D:2:      overflow_temple_1_default, first_ration
D:3:      kennysheep_six_static_rooms, nicolae_overflow_hidden_temple,
          overflow_temple_1_default, vehumet_crystals, serial_undead,
          serial_undead_c, serial_undead_a, serial_undead_d, serial_undead_f,
          serial_undead_c, serial_undead_b, serial_undead_f
D:4:      kennysheep_mini, nicolae_ru_sacrificial_ziggurat,
          minmay_temple_entry_nine_rooms, kennysheep_generic_room_14,
          uniq_edmund
D:5:      kennysheep_slug_shrine, serial_shops, kennysheep_little_box
D:6:      old_standard_altar, old_standard_altar

Skill      XL: |  1  2  3  4  5  6  7  8  9 |
---------------+----------------------------+-----
Maces & Flails | 2 3 4 5 |  5.9
Armour         | 3 4 5 6 |  6.2
Shields        | 3 4 5 6 |  6.2
Evocations     | 1 2 |  2.0
Fighting       | |  3.0

Action                   |  1- 3 |  4- 6 |  7- 9 || total
-------------------------+-------+-------+-------++-------
Melee: Flail             |   117 |   245 |   177 ||   539
Throw: Stone             |    22 |    12 |     2 ||    36
Invok: Potion Petition   |       |       |     1 ||     1
  Use: Scroll            |       |     6 |     1 ||     7
Armor: Scale mail        |    67 |    76 |       ||   143
       Chain mail        |       |     8 |    77 ||    85
Dodge: Dodged            |    37 |    75 |    21 ||   133
Block: Shield            |    75 |   115 |     6 ||   196
       Large shield      |       |       |   129 ||   129

Table legend:
 A = Spawn XP
 B = Non-spawn XP
 C = Spawn XP percentage of total XP
 D = Spawn monster count
 E = Non-spawn monster count
 F = Spawn count percentage of total count
 G = Total turns spent on level
                    A         B        C        D         E        F      G
               +---------+---------+-------+---------+---------+-------+---------
         Total |       0 |    3269 |   0.0 |       0 |     130 |   0.0 |  6645
               +---------+---------+-------+---------+---------+-------+---------
           D:1 |       0 |      38 |   0.0 |       0 |      20 |   0.0 |   851
           D:2 |       0 |      75 |   0.0 |       0 |      21 |   0.0 |  1147
           D:3 |       0 |     161 |   0.0 |       0 |      29 |   0.0 |  1074
           D:4 |       0 |     483 |   0.0 |       0 |      18 |   0.0 |   935
           D:5 |       0 |    1368 |   0.0 |       0 |      17 |   0.0 |   784
           D:6 |       0 |     794 |   0.0 |       0 |      18 |   0.0 |  1674
           D:7 |       0 |     350 |   0.0 |       0 |       7 |   0.0 |   180
               +---------+---------+-------+---------+---------+-------+---------
